 Dungeon Crawl Stone Soup version 0.23-a0-831-g5da158a (webtiles) character file.

49975 meowmeow the Unseen (level 14, -3/69 HPs)
             Began as a Felid Necromancer on Jan 23, 2019.
             Was the Champion of Nemelex Xobeh.
             Slain by a harpy (8 damage)
             ... on level 1 of the Shoals.
             The game lasted 07:19:39 (46980 turns).

meowmeow the Unseen (Felid Necromancer)            Turns: 46980, Time: 07:19:40

Health: -3/69      AC:  5    Str:  6    XL:     14   Next: 18%
Magic:  28/28      EV: 29    Int: 21    God:    Nemelex Xobeh [******]
Gold:   973        SH:  0    Dex: 16    Spells: 3/31 levels left
                                        Lives:  0   Deaths: 3

rFire    . . .     SeeInvis +     - Unarmed
rCold    + . .     Gourm    .   (shield unavailable)
rNeg     + . .     Faith    .   (armour unavailable)
rPois    .         Spirit   .   (helmet unavailable)
rElec    .         Reflect  .   (cloak unavailable)
rCorr    .         Harm     .   (gloves unavailable)
MR       ++...                  (boots unavailable)
Stlth    +++++++...             (no amulet)
HPRegen  0.21/turn              h - ring "Minux" {+Blink +Fly rN+ AC+2 Slay+2}
MPRegen  0.21/turn              N - ring of Koadghel {Int+4 Dex-3 Slay+2 Stlth+}

@: confusing touch, flying, very slightly contaminated, quick
A: very small, no armour, no weapons or thrown items, stealth, claws 1, fangs 3,
horns 1, see invisible, carnivore, speed 1, shaggy fur 3, slow metabolism 1,
wild magic 1, sharp paws
a: Draw Escape, Draw Destruction, Draw Summoning, Draw Stack, Triple Draw, Deal
Four, Stack Five, Renounce Religion, Evoke Blink, Stop Flying


You were on level 1 of the Shoals.
You worshipped Nemelex Xobeh.
Nemelex Xobeh was exalted by your worship.
You were not hungry.

You visited 7 branches of the dungeon, and saw 27 of its levels.
You also visited: Sewer and Bailey.

You collected 3231 gold pieces.
You spent 2258 gold pieces at shops.

Inventory:

Missiles
 l - 782 arrows
Jewellery
 h - the ring "Minux" (left paw) {+Blink +Fly rN+ AC+2 Slay+2}
   (You acquired it on level 1 of the Lair of Beasts)

   [ring of protection]

   It affects your AC (+2).
   It affects your accuracy and damage with ranged weapons and melee attacks
   (+2).
   It protects you from negative energy.
   It lets you fly.
   It lets you blink.
 q - an uncursed ring of poison resistance
 r - the ring of Entrepreneurial Spirit {rN+ Str-4 Int+4 Stlth+}
   (You found it on level 12 of the Dungeon)

   [ring of stealth]

   It affects your strength (-4).
   It affects your intelligence (+4).
   It protects you from negative energy.
   It makes you more stealthy.
 F - an uncursed ring of wizardry
 H - an uncursed ring of ice
 L - the ring "Cevvett" {rN+ AC+4 Str+4 Int-4}
   (You acquired it on level 2 of the Orcish Mines)

   [ring of protection]

   It affects your AC (+4).
   It affects your strength (+4).
   It affects your intelligence (-4).
   It protects you from negative energy.
 N - the ring of Koadghel (right paw) {Int+4 Dex-3 Slay+2 Stlth+}
   (You acquired it on level 14 of the Dungeon)

   [ring of stealth]

   It affects your intelligence (+4).
   It affects your dexterity (-3).
   It affects your accuracy and damage with ranged weapons and melee attacks
   (+2).
   It makes you more stealthy.
Wands
 u - a wand of enslavement (10)
 x - a wand of acid (7)
 y - a wand of random effects (3)
 z - a wand of polymorph (8)
 C - a wand of paralysis (5)
 D - a wand of iceblast (12)
 E - a wand of flame (41)
 G - a wand of digging (4)
Scrolls
 a - 10 scrolls of fog
 d - 2 scrolls of fear
 e - 13 scrolls of remove curse
 i - 6 scrolls of teleportation
 n - 3 scrolls of magic mapping
 s - 5 scrolls of amnesia
 B - 2 scrolls of identify
 K - 2 scrolls of vulnerability
Potions
 c - a potion of invisibility
 f - 8 potions of might
 g - 2 potions of magic
 j - 2 potions of heal wounds
 k - 12 potions of curing
 m - 3 potions of brilliance
 o - a potion of ambrosia
 t - 5 potions of lignification
 v - 2 potions of agility
 w - 3 potions of flight
 A - a potion of resistance
 I - a potion of cancellation
 M - a potion of haste
 O - a potion of berserk rage {unknown}
Miscellaneous
 p - a lamp of fire (inert)
Comestibles
 b - 49 rations
 J - 2 chunks of flesh


   Skills:
 * Level 12.3 Fighting
 - Level 13.2 Dodging
 - Level 15.0 Stealth
 + Level 11.2 Unarmed Combat
 - Level 9.0 Spellcasting
 * Level 2.2 Conjurations
 - Level 12.0 Hexes
 - Level 4.0 Charms
 - Level 3.6 Summonings
 - Level 8.1 Necromancy
 - Level 3.5 Translocations
 - Level 8.1 Invocations
 - Level 7.0 Evocations


You had 3 spell levels left.
You knew the following spells:

 Your Spells              Type           Power        Failure   Level  Hunger
a - Pain                  Necr           ####         1%          1    None
b - Animate Skeleton      Necr           N/A          1%          1    None
c - Vampiric Draining     Necr           ######....   1%          3    None
d - Regeneration          Chrm/Necr      #####.....   3%          3    None
e - Animate Dead          Necr           N/A          4%          4    ###....
f - Apportation           Tloc           ####..       3%          1    None
g - Summon Butterflies    Summ           ####....     3%          1    None
h - Tukima's Dance        Hex            ######..     1%          3    None
i - Invisibility          Hex            ######..     12%         6    ######.
j - Confusing Touch       Hex            ######       1%          1    None
k - Fulminant Prism       Conj/Hex       ######....   6%          4    ###....

Your spell library contained the following spells:

 Spells                   Type           Power        Failure   Level  Hunger
 Corpse Rot               Necr           N/A          1%          2    None
 Slow                     Hex            ######..     1%          2    None
 Sublimation of Blood     Necr           ######....   1%          2    None
 Confuse                  Hex            ######..     1%          3    None
 Summon Guardian Golem    Hex/Summ       ######..     1%          3    None
 Dazzling Spray           Conj/Hex       ######       2%          3    None
 Summon Small Mammal      Summ           ####         3%          1    None
 Call Imp                 Summ           ####....     4%          2    None
 Magic Dart               Conj           ###.         5%          1    None
 Searing Ray              Conj           ###...       7%          2    None
 Shock                    Conj/Air       ###.         8%          1    None
 Swiftness                Chrm/Air       ###.....     8%          2    None
 Call Canine Familiar     Summ           ####....     8%          3    None
 Gell's Gravitas          Tloc           ####......   8%          3    None
 Lesser Beckoning         Tloc           ####......   8%          3    None
 Static Discharge         Conj/Air       ###.....     21%         3    None
 Agony                    Necr           ######..     11%         5    #####..
 Dispel Undead            Necr           ######..     11%         5    #####..
 Metabolic Englaciation   Hex/Ice        #####.....   24%         5    #####..
 Yara's Violent Unravell  Hex/Tmut       #####.....   24%         5    #####..
 Force Lance              Conj/Tloc      ####....     30%         4    ###....
 Bolt of Draining         Conj/Necr      #####.....   32%         5    #####..
 Iskenderun's Mystic Bla  Conj           ###.....     36%         4    ###....
 Summon Ice Beast         Ice/Summ       ###.....     43%         4    ###....
 Summon Lightning Spire   Summ/Air       ###.....     43%         4    ###....
 Death Channel            Necr           ######....   45%         6    ######.
 Airstrike                Air            ##........   65%         4    ###....
 Petrify                  Tmut/Erth      ##......     65%         4    ###....
 Lightning Bolt           Conj/Air       ###.......   83%         5    #####..
 Alistair's Intoxication  Tmut/Pois      ##......     93%         5    #####..
 Excruciating Wounds      Chrm/Necr      Unusable     N/A         5    N/A

Dungeon Overview and Level Annotations

Branches:
Dungeon (15/15)            Temple (1/1) D:6            Lair (6/6) D:10
 Shoals (1/4) Lair:4       Spider (1/4) Lair:4        Slime (0/5) Lair:5
    Orc (2/2) D:9             Elf (0/3) Orc:2        Vaults (0/5) D:14
 Depths (1/5) D:15

Altars:
Ashenzari
Cheibriados
Dithmenos
Elyvilon
Fedhas
Gozag
Hepliaklqana
Kikubaaqudgha
Makhleb
Nemelex Xobeh
Okawaru
Qazlal
Ru
Sif Muna
Trog
Uskayaw
Vehumet
Wu Jian
Xom
Yredelemnul
Zin
The Shining One

Shops:
D:7 [   D:10 *   D:14 ?   Orc:2 =?:[!

Portals:
Abyss: Depths:1

Annotations:
D:1 exclusion: downstairs
D:3 exclusion: 2 downstairs
D:4 Eustachio
D:5 1 runed door
D:9 2 runed doors
D:10 exclusions: 4 doors, downstairs and 1 more exclusion
D:11 Snorg
D:12 Fannar
D:13 exclusion: 2 downstairs, Frances
Lair:3 3 runed doors, Ezoatsupp's ghost, journeyman HOFi; Yheosepp's ghost, journeyman HuGl
Lair:6 2 runed doors


Innate Abilities, Weirdness & Mutations

You cannot wear armour.
You are incapable of wielding weapons or throwing items.
Your paws allow you to move quietly. (Stealth)
You have sharp claws.
You have razor-sharp teeth.
You have supernaturally acute eyesight. (SInv)
You are carnivorous and can eat meat at any time.
You cover ground quickly.
Your thick and shaggy fur keeps you warm. (AC +3, rC+)
You have a slow metabolism.
Your sharp claws are effective at attacking unaware monsters.
You have a pair of small horns on your head.
Your spells are a little harder to cast, but a little more powerful.


Message History

Your paws begin to glow red.
The harpy screeches! x3
The harpy claws you! The harpy closely misses you.
The harpy completely misses you. x2
The harpy claws you!! The harpy closely misses you.
You draw a card...
You have drawn Wild Magic.
The harpy is covered in liquid flames!
The harpy is blasted with searing flames!
The searing flames burn away her fire resistance!
The harpy is encased in ice!
Freezing gases pour from the harpy's hands!
You feel a surge of magic.
You feel your power returning.
The harpy burns!
The harpy claws you but does no damage. The harpy claws you! x2
* * * LOW HITPOINT WARNING * * *
The harpy claws you!
* * * LOW HITPOINT WARNING * * *
The harpy claws you.
* * * LOW HITPOINT WARNING * * *
The harpy claws you!
You die...
Your body glows with a rainbow of weird colours and disappears.

≈≈≈≈≈≈≈≈≈≈...
≈≈≈≈≈≈≈≈≈...# ......≈
≈≈≈≈≈≈≈≈≈...###....≈≈≈
≈≈≈≈≈≈≈≈≈≈≈........≈≈≈
≈≈≈≈≈≈≈≈≈≈≈≈......≈≈≈≈
≈≈≈≈≈≈≈≈≈≈≈.....H≈≈≈.≈
≈≈≈≈≈≈≈≈≈≈≈≈≈≈..≈≈≈≈..
≈≈≈≈≈≈≈≈≈≈≈..≈H≈≈≈≈...
≈≈≈≈≈≈≈≈≈≈...@H≈≈≈....
≈≈≈≈≈≈≈≈≈..###H......#
≈≈≈≈≈≈≈≈≈<÷# #########
≈≈≈≈≈≈≈≈≈.##
≈≈≈≈≈≈≈≈≈..
≈≈≈≈≈≈≈≈≈...
≈≈≈≈≈≈≈≈≈≈..#
≈≈≈≈≈≈≈≈≈≈.#
≈≈≈≈≈≈≈≈≈≈^


You could see 4 harpies.

Vanquished Creatures
  Josephine (Lair:5)
  A great orb of eyes (D:13)
  3 hydras
  Erolcha (Orc:2)
  6 centaur warriors
  An ogre mage (D:13)
  9 two-headed ogres
  3 orc high priests (Orc:2)
  Urug (Lair:4)
  Nergalle (D:12)
  Sonja (D:12)
  A deep elf knight (D:13)
  2 fire crabs
  6 unseen horrors
  A deep elf mage (D:13)
  5 orc knights
  3 necromancers
  3 wizards (D:15)
  An ugly thing (D:15)
  3 oklob plants (Lair:5)
  3 wolf spiders
  4 orc sorcerers (Orc:2)
  4 cyclopes
  3 manticores
  A guardian serpent (Orc:1)
  3 elephants (Lair:6)
  A torpor snail (Lair:6)
  2 naga magi (D:15)
  13 black mambas
  3 gargoyles
  2 molten gargoyles (Lair:6)
  4 rime drakes
  13 spiny frogs
  2 kobold demonologists (D:15)
  An efreet (D:15)
  9 komodo dragons
  8 yaktaurs
  2 demonic crawlers (Lair:4)
  A freezing wraith (D:13)
  12 trolls
  3 queen bees
  3 jumping spiders (Spider:1)
  A wind drake (Orc:1)
  4 blink frogs
  4 hornets
  A raiju (Lair:6)
  A slime creature (D:11)
  9 hippogriffs
  A meliai zombie (D:13)
  5 dream sheep (Lair:6)
  Sigmund (D:2)
  2 shadows (D:13)
  42 yaks
  2 tarantellas
  2 redbacks
  3 water elementals
  7 wraiths
  7 wyverns
  A vampire (D:10)
  2 steam dragons
  4 basilisks
  4 vampire mosquitoes (D:13)
  A warg (Orc:1)
  An acid dragon (Orc:1)
  10 water moccasins
  A soldier ant (Lair:6)
  9 porcupines
  A hell hound (Lair:6)
  A meliai simulacrum (D:15)
  2 swamp drakes
  A floating eye (Lair:4)
  41 orc warriors
  5 black bears
  2 ice beasts
  2 phantoms
  2 eyes of draining
  15 ogres
  5 sky beasts
  A wolf (Lair:5)
  28 centaurs
  9 crocodiles
  Blork the orc (D:5)
  A big kobold (shapeshifter) (D:14)
  6 big kobolds
  19 bullfrogs
  70 killer bees
  8 scorpions
  4 wights
  A howler monkey (D:6)
  9 crimson imps
  7 hounds
  3 centaur zombies
  4 lava snakes (Lair:6)
  2 quasits
  4 jellies
  25 orc wizards
  3 bullfrog zombies
  4 iguanas
  17 orc priests
  2 bullfrog skeletons
  7 centaur skeletons
  10 worker ants
  3 killer bee zombies
  5 hound skeletons
  Robin (D:2)
  A howler monkey zombie (D:7)
  12 gnolls
  17 adders
  2 river rats
  3 shadow imps
  3 oozes
  An adder zombie (D:7)
  A dart slug (D:1)
  9 leopard geckos
  107 orcs
  10 ball pythons
  8 giant cockroaches
  10 hobgoblins
  16 jackals
  6 quokkas
  5 bats
  4 frilled lizards
  A giant cockroach zombie (D:6)
  13 goblins
  9 kobolds
  34 rats
  7 plants (D:10)
885 creatures vanquished.

Vanquished Creatures (collateral kills)
  Gastronok (Lair:3)
  2 very ugly things (Depths:1)
  A hydra (Lair:6)
  3 two-headed ogres
  An orc high priest (Orc:2)
  A lindwurm (Lair:6)
  An ugly thing (D:12)
  An elephant (Lair:6)
  A black mamba (Lair:6)
  A guardian serpent (shapeshifter) (Depths:1)
  A spiny frog (Lair:6)
  A komodo dragon (Lair:2)
  A jumping spider (Lair:4)
  A hippogriff (Lair:6)
  A vampire (D:10)
  A redback (Lair:4)
  A basilisk (Lair:3)
  A fire bat (Orc:2)
  2 yaks (Lair:2)
  3 hell hounds (Lair:6)
  A water moccasin (D:10)
  A swamp drake (Lair:6)
  An orc warrior (Orc:1)
  An ogre (D:10)
  A centaur (Orc:2)
  A crocodile (Lair:6)
  3 bullfrogs
  A scorpion (D:6)
  7 killer bees
  An orc priest (Orc:1)
  A centaur skeleton (D:10)
  A worker ant (D:10)
  A leopard gecko (Orc:2)
  3 orcs
  A quokka (Orc:1)
  A goblin (Orc:2)
  4 fungi (Lair:6)
  3 plants (Lair:6)
59 creatures vanquished.

Vanquished Creatures (others)
  A two-headed ogre (D:11)
  2 spriggan berserkers (Depths:1)
  An unseen horror (Lair:6)
  An orb spider (Lair:6)
  A shining eye (Orc:1)
  A manticore (Orc:1)
  A black mamba (Lair:2)
  A redback (Spider:1)
  A spriggan (Depths:1)
  3 dancing weapons
  2 wargs (Orc:1)
  2 orc warriors (Orc:1)
  An ogre (Orc:1)
  A boggart (Orc:1)
  A centaur (Depths:1)
  A lava snake (Lair:6)
  A hound (Lair:5)
  2 orc priests (Orc:2)
  An iguana (Lair:5)
  2 ball lightnings (Orc:1)
  2 orcs
  6 fulminant prisms
  5 fungi
  11 plants
51 creatures vanquished.

Grand Total: 995 creatures vanquished

Notes
Turn   | Place    | Note
-------+----------+-------------------------------------------
     0 | D:1      | meowmeow the Felid Necromancer began the quest for the Orb.
     0 | D:1      | Reached XP level 1. HP: 7/7 MP: 4/4
     2 | D:1      | Learned a level 1 spell: Animate Skeleton
   628 | D:1      | Reached XP level 2. HP: 9/11 MP: 6/6
  1880 | D:2      | Reached skill level 1 in Unarmed Combat
  2374 | D:2      | Reached XP level 3. HP: 10/14 MP: 3/7
  2639 | D:2      | Learned a level 3 spell: Vampiric Draining
  3182 | D:2      | Noticed Robin
  3226 | D:2      | Reached skill level 5 in Necromancy
  3254 | D:2      | Noticed Sigmund
  3526 | D:2      | Reached XP level 4. HP: 15/18 MP: 4/8
  3725 | D:2      | Killed Robin
  3821 | D:2      | Found an iron altar of Okawaru.
  3857 | D:2      | Killed Sigmund
  3857 | D:2      | Reached XP level 5. HP: 19/21 MP: 7/11
  3959 | D:2      | Learned a level 3 spell: Regeneration
  5044 | D:3      | Gained mutation: You are covered in thick fur. (AC +2)
                  | [Felid growth]
  5044 | D:3      | Reached XP level 6. HP: 19/24 MP: 7/12
  5863 | D:4      | Reached skill level 1 in Charms
  6493 | D:4      | Reached skill level 3 in Stealth
  6756 | D:5      | Entered Level 5 of the Dungeon
  6763 | D:5      | Noticed Eustachio
  7017 | D:5      | Found a glowing drain.
  7021 | D:5      | Reached XP level 7. HP: 28/28 MP: 10/14
  7047 | Sewer    | Entered a sewer
  7056 | Sewer    | Learned a level 4 spell: Animate Dead
  7207 | Sewer    | Gained mutation: You are dopey. (Int -2) [potion of
                  | mutation]
  7207 | Sewer    | Gained mutation: You have a pair of small horns on your
                  | head. [potion of mutation]
  7207 | Sewer    | Gained mutation: You expend magic power (3 MP) to
                  | strengthen your wands. [potion of mutation]
  7207 | Sewer    | Gained mutation: You are agile. (Dex +2) [potion of
                  | mutation]
  7208 | Sewer    | Lost mutation: You are dopey. (Int -2) [potion of mutation]
  7208 | Sewer    | Lost mutation: You have a pair of small horns on your head.
                  | [potion of mutation]
  7208 | Sewer    | Gained mutation: You are dopey. (Int -2) [potion of
                  | mutation]
  7209 | Sewer    | Lost mutation: You are agile. (Dex +2) [potion of mutation]
  7209 | Sewer    | Lost mutation: You are dopey. (Int -2) [potion of mutation]
  7209 | Sewer    | Lost mutation: You expend magic power (3 MP) to strengthen
                  | your wands. [potion of mutation]
  7209 | Sewer    | Gained mutation: You are weak. (Str -2) [potion of
                  | mutation]
  7209 | Sewer    | Gained mutation: Your spells are a little harder to cast,
                  | but a little more powerful. [potion of mutation]
  7209 | Sewer    | Gained mutation: You expend magic power (3 MP) to
                  | strengthen your wands. [potion of mutation]
  7332 | Sewer    | Reached skill level 1 in Fighting
  8438 | D:5      | Found a glowing golden altar of the Shining One.
  8439 | D:5      | Found a runed door.
  8439 | D:5      | Noticed an angel
  8661 | D:5      | Noticed Blork the orc
  9867 | D:6      | Reached skill level 5 in Unarmed Combat
 10052 | D:6      | Reached skill level 4 in Stealth
 10194 | D:6      | Reached XP level 8. HP: 22/34 MP: 11/15
 11467 | D:6      | Found a staircase to the Ecumenical Temple.
 11593 | Temple   | Entered the Ecumenical Temple
 11865 | Temple   | Became a worshipper of Elyvilon the Healer
 11955 | D:7      | Reached skill level 5 in Stealth
 12054 | Temple   | Fell from the grace of Elyvilon
 12054 | Temple   | Became a worshipper of Nemelex Xobeh the Trickster
 12234 | D:7      | Found Fidi's Armour Emporium.
 12844 | D:7      | Received a gift from Nemelex Xobeh
 12952 | D:7      | Reached XP level 9. HP: 31/39 MP: 13/16
 13273 | D:7      | Reached skill level 6 in Stealth
 13840 | D:5      | Reached skill level 5 in Fighting
 14330 | D:6      | Reached skill level 7 in Stealth
 15026 | D:8      | Reached skill level 5 in Dodging
 15026 | D:8      | Reached skill level 8 in Stealth
 15128 | D:8      | Noticed a two-headed ogre
 15610 | D:8      | Noticed a queen bee
 16038 | D:8      | Killed a queen bee
 16038 | D:8      | Reached XP level 10. HP: 45/45 MP: 17/17
 16048 | D:8      | Killed a two-headed ogre
 16055 | D:8      | Reached * piety under Nemelex Xobeh
 16431 | D:9      | Received a gift from Nemelex Xobeh
 16612 | D:9      | Found the +2 shield of Resistance {rF+ rC+ MR+}
 16612 | D:9      | Found a runed door.
 16612 | D:9      | Noticed a fire dragon
 16612 | D:9      | Noticed an ice dragon
 16613 | D:9      | Noticed a fire dragon
 16614 | D:9      | Noticed an ice dragon
 16629 | D:9      | Found a deep blue altar of Sif Muna.
 16631 | D:9      | Found a runed door.
 16691 | D:9      | Noticed a two-headed ogre
 16740 | D:9      | Noticed a two-headed ogre
 16756 | D:9      | Reached skill level 9 in Stealth
 16834 | D:9      | Received a gift from Nemelex Xobeh
 17261 | D:9      | Killed a two-headed ogre
 17507 | D:9      | Killed a two-headed ogre
 17942 | D:9      | Found a staircase to the Orcish Mines.
 18182 | D:10     | Entered Level 10 of the Dungeon
 18188 | D:10     | Noticed an unseen horror
 18189 | D:10     | Killed an unseen horror
 18200 | D:10     | Found a staircase to the Lair.
 18516 | D:10     | Reached XP level 11. HP: 49/50 MP: 18/18
 18572 | D:10     | Reached ** piety under Nemelex Xobeh
 18760 | D:10     | Noticed a two-headed ogre
 18763 | D:10     | Reached skill level 10 in Stealth
 18768 | D:10     | Killed a two-headed ogre
 19273 | D:11     | Received a gift from Nemelex Xobeh
 19274 | D:11     | Upgraded the game from 0.23-a0-819-g6debee6 to
                  | 0.23-a0-831-g5da158a
 19630 | D:11     | Learned a level 1 spell: Apportation
 19632 | D:11     | Learned a level 1 spell: Summon Butterflies
 19653 | D:11     | Reached skill level 1 in Summonings
 19961 | D:11     | Noticed a two-headed ogre
 19996 | D:11     | Killed a two-headed ogre
 19996 | D:11     | Reached skill level 11 in Stealth
 20537 | D:11     | Reached skill level 5 in Spellcasting
 20790 | D:11     | Noticed a centaur warrior
 20813 | D:11     | Killed a centaur warrior
 20867 | D:11     | Noticed an unseen horror
 20879 | D:11     | HP: 2/52 [unseen horror (4)]
 21289 | D:11     | Noticed Snorg
 21324 | D:11     | Slain by Snorg
 21325 | D:11     | Reached XP level 10. HP: -4/49 MP: 19/19
 21406 | D:11     | Paralysed by an orc for 6 turns
 21429 | D:11     | Noticed a two-headed ogre
 21758 | D:11     | Learned a level 3 spell: Tukima's Dance
 22085 | D:10     | Reached skill level 1 in Hexes
 22461 | D:11     | Noticed a five-headed hydra
 22508 | D:11     | Killed a five-headed hydra
 22508 | D:11     | Reached XP level 11. HP: 17/52 MP: 1/21
 22846 | D:11     | Killed an unseen horror
 22846 | D:11     | Reached skill level 1 in Evocations
 23044 | D:11     | Noticed a green ugly thing
 23449 | D:11     | Noticed an oklob plant
 23451 | D:11     | Noticed an oklob plant
 23484 | D:11     | Noticed an oklob plant
 23484 | D:11     | Noticed an oklob plant
 23569 | D:12     | Noticed a white ugly thing
 23594 | D:12     | Noticed Sonja
 23602 | D:12     | Killed Sonja
 23602 | D:12     | Reached skill level 1 in Translocations
 23655 | D:12     | Noticed Nergalle
 23657 | D:12     | Killed Nergalle
 23673 | D:12     | Received a gift from Nemelex Xobeh
 23903 | D:12     | Noticed a two-headed ogre
 23933 | D:12     | Killed a two-headed ogre
 24298 | D:12     | Noticed a red ugly thing
 24643 | D:12     | Got an ancient golden ring
 24644 | D:12     | Lost strength.
 24644 | D:12     | Identified the ring of Entrepreneurial Spirit {rN+ Str-4
                  | Int+4 Stlth+} (You found it on level 12 of the Dungeon)
 24749 | D:12     | Killed a white ugly thing
 25050 | D:12     | Reached skill level 10 in Unarmed Combat
 25239 | D:12     | Noticed Fannar
 25763 | D:13     | Found a flagged portal.
 25804 | D:13     | Noticed a centaur warrior
 25823 | D:13     | Killed a centaur warrior
 25856 | D:13     | Reached *** piety under Nemelex Xobeh
 25921 | D:13     | Noticed an unseen horror
 25925 | D:13     | Gained mutation: Your thick and shaggy fur keeps you warm.
                  | (AC +3, rC+) [Felid growth]
 25925 | D:13     | Reached XP level 12. HP: 31/57 MP: 18/24
 26004 | D:13     | Noticed a centaur warrior
 26068 | D:13     | Reached skill level 10 in Dodging
 26137 | Bailey   | Entered a bailey
 26436 | Bailey   | Received a gift from Nemelex Xobeh
 26487 | Bailey   | HP: 1/58 [orc warrior/bolt (23)]
 26832 | Bailey   | Reached skill level 1 in Invocations
 26949 | Bailey   | Found a roughly hewn altar of Beogh.
 27015 | D:13     | Killed a centaur warrior
 27069 | D:13     | Lost mutation: Your spells are a little harder to cast, but
                  | a little more powerful. [potion of mutation]
 27069 | D:13     | Lost mutation: You expend magic power (3 MP) to strengthen
                  | your wands. [potion of mutation]
 27069 | D:13     | Gained mutation: You have a pair of small horns on your
                  | head. [potion of mutation]
 27069 | D:13     | Gained mutation: Your spells are a little harder to cast,
                  | but a little more powerful. [potion of mutation]
 27314 | D:13     | Noticed Frances
 27627 | D:13     | Received a gift from Nemelex Xobeh
 27749 | D:10     | Found Tiosanni's Mayhem Merchandise.
 27753 | D:10     | Bought a wand of iceblast (10) for 154 gold pieces
 27943 | Lair:1   | Entered Level 1 of the Lair of Beasts
 28031 | Lair:1   | Identified a scroll of acquirement
 28035 | Lair:1   | Got a slimy lapis lazuli ring
 28036 | Lair:1   | Identified the ring "Minux" {+Blink +Fly rN+ AC+2 Slay+2}
                  | (You acquired it on level 1 of the Lair of Beasts)
 28110 | Lair:1   | Reached **** piety under Nemelex Xobeh
 28181 | Lair:1   | Reached skill level 5 in Hexes
 28188 | Lair:1   | Reached skill level 10 in Fighting
 28380 | Lair:1   | Received a gift from Nemelex Xobeh
 29060 | Lair:1   | Learned a level 6 spell: Invisibility
 29400 | Lair:1   | Noticed a five-headed hydra
 29407 | Lair:1   | Killed a five-headed hydra
 29407 | Lair:1   | Reached skill level 12 in Stealth
 29666 | Lair:2   | Received a gift from Nemelex Xobeh
 29943 | Lair:2   | Reached XP level 13. HP: 34/61 MP: 1/26
 30281 | Lair:2   | Received a gift from Nemelex Xobeh
 30876 | Lair:3   | Noticed Gastronok
 30899 | Lair:3   | Received a gift from Nemelex Xobeh
 30922 | Lair:3   | Killed Gastronok
 31006 | Lair:3   | Reached ***** piety under Nemelex Xobeh
 31127 | Lair:3   | Found a runed gate.
 31127 | Lair:3   | Found a runed gate.
 31129 | Lair:3   | Found a runed gate.
 31131 | Lair:3   | Noticed Yheosepp's ghost (journeyman HuGl)
 31131 | Lair:3   | Noticed Ezoatsupp's ghost (journeyman HOFi)
 31312 | Lair:4   | Received a gift from Nemelex Xobeh
 31465 | Lair:4   | Found a hole to the Spider Nest.
 31704 | Lair:4   | Noticed Urug
 31904 | Lair:4   | Killed Urug
 31910 | Lair:4   | Received a gift from Nemelex Xobeh
 31924 | Lair:4   | Found a staircase to the Shoals.
 32011 | Lair:4   | Reached skill level 13 in Stealth
 32445 | Lair:5   | Received a gift from Nemelex Xobeh
 32450 | Lair:5   | Noticed Josephine
 32469 | Lair:5   | Identified the Tome of Enchanting Sinister Arts (You
                  | acquired it on level 5 of the Lair of Beasts)
 32808 | Lair:5   | Found a glowing golden altar of the Shining One.
 32966 | Lair:5   | Killed Josephine
 32966 | Lair:5   | Reached skill level 10 in Hexes
 33027 | Lair:5   | Found a staircase to the Slime Pits.
 33029 | Lair:5   | Received a gift from Nemelex Xobeh
 33670 | Lair:5   | Learned a level 1 spell: Confusing Touch
 33881 | Lair:5   | Reached skill level 5 in Evocations
 33999 | Lair:6   | Entered Level 6 of the Lair of Beasts
 34180 | Lair:6   | Reached skill level 14 in Stealth
 34186 | Lair:6   | Received a gift from Nemelex Xobeh
 34436 | Lair:6   | Reached XP level 14. HP: 66/66 MP: 17/27
 34443 | Lair:6   | Received a gift from Nemelex Xobeh
 34657 | Lair:6   | Reached ****** piety under Nemelex Xobeh
 35664 | Lair:6   | Found a large runed door.
 35674 | Lair:6   | Received a gift from Nemelex Xobeh
 35768 | Lair:6   | Killed from afar by a lindwurm
 35769 | Lair:6   | Reached XP level 13. HP: -2/61 MP: 24/26
 35931 | Lair:6   | Found a large runed door.
 36379 | D:5      | Killed Blork the orc
 36511 | Orc:1    | Entered Level 1 of the Orcish Mines
 37287 | Orc:1    | Received a gift from Nemelex Xobeh
 37514 | Orc:2    | Entered Level 2 of the Orcish Mines
 37748 | Orc:2    | Found Jiakhlaa's Jewellery Boutique.
 37779 | Orc:2    | Found a staircase to the Elven Halls.
 38024 | Orc:2    | Received a gift from Nemelex Xobeh
 38055 | Orc:2    | Noticed Erolcha
 38068 | Orc:2    | Killed Erolcha
 38254 | Orc:2    | Found Ichiplo's Magic Scroll Boutique.
 38406 | Orc:2    | Reached skill level 5 in Invocations
 38924 | Orc:2    | Found Xurr's Distillery.
 38925 | Orc:2    | Found Gygat's Book Emporium.
 38929 | Orc:2    | Found Teddien's Armour Emporium.
 39050 | Orc:2    | Bought a scroll of teleportation for 42 gold pieces
 39050 | Orc:2    | Bought a scroll of fog for 28 gold pieces
 39062 | Orc:2    | Bought a potion of mutation for 144 gold pieces
 39062 | Orc:2    | Bought a potion of haste for 180 gold pieces
 39062 | Orc:2    | Bought a potion of heal wounds for 90 gold pieces
 39062 | Orc:2    | Bought a potion of agility for 72 gold pieces
 39062 | Orc:2    | Bought a potion of might for 72 gold pieces
 39062 | Orc:2    | Bought a potion of might for 72 gold pieces
 39062 | Orc:2    | Lost mutation: You have a pair of small horns on your head.
                  | [potion of mutation]
 39062 | Orc:2    | Lost mutation: You are weak. (Str -2) [potion of mutation]
 39062 | Orc:2    | Lost mutation: Your spells are a little harder to cast, but
                  | a little more powerful. [potion of mutation]
 39062 | Orc:2    | Gained mutation: You have a pair of small horns on your
                  | head. [potion of mutation]
 39062 | Orc:2    | Gained mutation: Your spells are a little harder to cast,
                  | but a little more powerful. [potion of mutation]
 39080 | Orc:2    | Bought a scroll of acquirement for 728 gold pieces
 39081 | Orc:2    | Got a bound iron ring
 39082 | Orc:2    | Identified the ring "Cevvett" {rN+ AC+4 Str+4 Int-4} (You
                  | acquired it on level 2 of the Orcish Mines)
 39399 | Orc:1    | Reached XP level 14. HP: 26/66 MP: 24/28
 39588 | Orc:1    | Received a gift from Nemelex Xobeh
 40111 | D:13     | Paralysed by a hornet for 2 turns
 40885 | D:13     | Found an opulent altar of Gozag.
 42389 | D:14     | Received a gift from Nemelex Xobeh
 42560 | D:14     | Found Qiep's Magic Scroll Shop.
 42592 | D:14     | Bought a scroll of acquirement for 676 gold pieces
 42595 | D:14     | Got a smoking platinum ring
 42596 | D:14     | Identified the ring of Koadghel {Int+4 Dex-3 Slay+2 Stlth+}
                  | (You acquired it on level 14 of the Dungeon)
 43073 | D:14     | Noticed a purple very ugly thing
 43182 | D:14     | Found a gate to the Vaults.
 43242 | D:14     | Found Cetorion's Gadget Shop.
 43494 | D:15     | Entered Level 15 of the Dungeon
 44646 | D:14     | Learned a level 4 spell: Fulminant Prism
 44713 | D:15     | Found a staircase to the Depths.
 44961 | Depths:1 | Entered Level 1 of the Depths
 44961 | Depths:1 | Received a gift from Nemelex Xobeh
 44970 | Depths:1 | Reached skill level 1 in Conjurations
 45087 | Depths:1 | Found a one-way gate to the infinite horrors of the Abyss.
 45135 | Depths:1 | Noticed a brown very ugly thing
 45162 | Depths:1 | Noticed a brown very ugly thing
 45244 | Depths:1 | Killed a brown very ugly thing
 45246 | Depths:1 | Slain by a red very ugly thing
 45247 | Depths:1 | Reached XP level 13. HP: -5/64 MP: 11/27
 45257 | Depths:1 | Killed a red very ugly thing
 45257 | Depths:1 | Reached XP level 14. HP: 69/69 MP: 28/28
 45304 | Depths:1 | Reached skill level 15 in Stealth
 45308 | Depths:1 | Noticed a stone giant
 45796 | Spider:1 | Entered Level 1 of the Spider Nest
 46435 | Lair:4   | HP: 3/69 [demonic crawler (8)]
 46902 | Shoals:1 | Entered Level 1 of the Shoals
 46980 | Shoals:1 | Slain by a harpy

Vault maps used:
D:1:      dpeg_arrival_rooms_with_view, kennysheep_crisscross,
          chequers_serial_rivers_room_b, hangedman_decor_points,
          skrybe_limestone_x, serial_park_tiny_1, chequers_serial_rivers_room_b
D:2:      nicolae_overflow_hidden_temple, first_ration, minmay_split_cup_small,
          uniq_robin, uniq_sigmund
D:4:      chequers_big_river
D:5:      serial_curves, eino_curves_02, eino_curves_04, gup_sewer_entry_pipe,
          lemuel_angel_altar, uniq_blork_the_orc, uniq_eustachio
D:6:      minmay_temple_entry_glass, chequers_hall_statues_wall_a
D:7:      serial_shops, shop_coins
D:8:      david_nohive_1
D:9:      hiddenorc1_lemuel, basic_altar, roderic_serpentine_path,
          minmay_guarded_unrand_resistance
D:10:     dpeg_oklobed_lair, kennysheep_donut, statue_in_the_mist_lemuel,
          minmay_shop_mayhem
D:11:     hangedman_what_comes_after_a, uniq_snorg
D:12:     uniq_nergalle, uniq_sonja, uniq_fannar
D:13:     minmay_triangles_in_corner, basic_altar, enter_bailey_8,
          minmay_the_grid_square_5x5_3x3_mashed, uniq_frances
D:14:     david_vaults_1, corexii_leaking_fountain, serial_shops,
          kennysheep_mini_moat, shop, minivault_12
D:15:     grunt_enter_depths_magical_seal
Temple:   roderic_octagonal_lattice_temple
Lair:1:   beast_lair_carwin_8, grunt_megastairs_5, infiniplex_staircase_pool_2
Lair:2:   lemuel_fruit_fields
Lair:3:   gammafunk_ghost_cemetery, uniq_gastronok
Lair:4:   shoals_dummy_entry, spider_nest_entry_rubble, grunt_megastairs_2,
          uniq_urug
Lair:5:   nicolae_slime_entry_slimehenge, basic_altar, st_stairs_13,
          minmay_lindwurm_lava, minmay_lair_oklob_chamber, uniq_josephine
Lair:6:   cheibrodos_lair_end_hotspot, serial_bayou_shore_b,
          serial_bayou_shore_b
Shoals:1: ebering_ghost_gozag, st_sunken_huts
Orc:2:    st_orc_elflike, serial_shops, shop, uniq_erolcha
Depths:1: serial_shops, shop, abyss_entry_crystal, pf_coc_iceberg,
          minmay_misc_feat_plants, minmay_parallelograms,
          minmay_misc_feat_nine_boxes, nrook_pool_corridor
Sewer:    sewer_minmay_w
Bailey:   bailey_polearm_2, bailey

Skill      XL: |  1  2  3  4  5  6  7  8  9 10 11 12 13 14 |
---------------+-------------------------------------------+-----
Unarmed Combat | 1 2 5 8 10 11 | 11.2
Necromancy     | 5 6 7 8 |  8.1
Dodging        | 3 7 9 10 12 13 | 13.2
Spellcasting   | 3 4 6 7 8 9 |  9.0
Charms         | 2 4 |  4.0
Stealth        | 3 4 5 8 9 11 12 14 15 | 15.0
Fighting       | 2 4 6 7 9 10 12 | 12.3
Summonings     | 2 3 |  3.6
Hexes          | 1 4 7 12 11 | 12.0
Evocations     | 1 2 5 7 |  7.0
Translocations | 3 |  3.5
Invocations    | 3 5 8 |  8.1
Conjurations   | 2 |  2.2

Action                   |  1- 3 |  4- 6 |  7- 9 | 10-12 | 13-15 || total
-------------------------+-------+-------+-------+-------+-------++-------
Melee: Unarmed           |    80 |   168 |   552 |  1103 |  1174 ||  3077
       Bite              |     5 |    18 |    36 |   112 |   146 ||   317
       Punch             |       |     1 |    17 |    61 |    53 ||   132
       Headbutt          |       |       |       |    58 |   244 ||   302
 Cast: Pain              |    48 |    43 |   136 |   288 |   120 ||   635
       Animate Skeleton  |     3 |     2 |     1 |     1 |     1 ||     8
       Vampiric Draining |     9 |    20 |    55 |   148 |   170 ||   402
       Regeneration      |       |     4 |    28 |    61 |    98 ||   191
       Tukima's Dance    |       |       |       |    14 |     2 ||    16
       Animate Dead      |       |       |       |     5 |    33 ||    38
       Apportation       |       |       |       |     2 |       ||     2
       Summon Butterflie |       |       |       |     3 |     5 ||     8
       Confusing Touch   |       |       |       |       |   182 ||   182
       Invisibility      |       |       |       |       |    18 ||    18
       Fulminant Prism   |       |       |       |       |     6 ||     6
Invok: Stack Five        |       |       |       |       |     1 ||     1
 Abil: Draw Destruction  |       |       |     2 |    28 |    45 ||    75
       Draw Escape       |       |       |       |     4 |       ||     4
       Draw Summoning    |       |       |       |     5 |    12 ||    17
       Evoke Flight      |       |       |       |       |     6 ||     6
       Evoke Blink       |       |       |       |       |     9 ||     9
       Draw Stack        |       |       |       |       |     1 ||     1
Evoke: Wand              |       |       |       |    11 |     8 ||    19
       Lamp of fire      |       |       |       |     1 |     1 ||     2
  Use: Potion            |       |     3 |     8 |     6 |    10 ||    27
       Scroll            |       |    10 |     9 |    15 |     9 ||    43
 Stab: Sleeping          |     3 |     5 |     8 |    49 |    39 ||   104
       Distracted        |       |     1 |     4 |     7 |     9 ||    21
       Confused          |       |       |       |       |    98 ||    98
       Invisible         |       |       |       |       |    50 ||    50
       Petrified         |       |       |       |       |     1 ||     1
  Eat: Chunk             |    13 |    10 |    26 |    45 |    54 ||   148
       Ration            |       |       |       |       |     1 ||     1
Armor: Skin              |     6 |     9 |    69 |    27 |    92 ||   203
Dodge: Dodged            |    72 |   164 |   691 |  1193 |  1379 ||  3499

Table legend:
 A = Non-vault XP
 B = Vault XP
 C = Vault XP percentage of total XP
 D = Non-vault monster count
 E = Vault monster count
 F = Vault count percentage of total count
                 A         B        C        D         E       F
            +---------+---------+-------+---------+---------+-------
      Total |   92818 |   56120 |  37.7 |     645 |     303 |  32.0
            +---------+---------+-------+---------+---------+-------
        D:1 |      35 |       3 |   7.9 |      18 |       2 |  10.0
        D:2 |      44 |     229 |  83.9 |      14 |      15 |  51.7
        D:3 |     109 |       0 |   0.0 |      24 |       0 |   0.0
        D:4 |     189 |       0 |   0.0 |      12 |       0 |   0.0
        D:5 |     683 |     118 |  14.7 |      26 |       7 |  21.2
        D:6 |    1589 |       0 |   0.0 |      33 |       0 |   0.0
        D:7 |    1482 |       0 |   0.0 |      32 |       0 |   0.0
        D:8 |    1238 |    1065 |  46.2 |      14 |      15 |  51.7
        D:9 |    4363 |     205 |   4.5 |      29 |      17 |  37.0
       D:10 |    3712 |     373 |   9.1 |      20 |       6 |  23.1
       D:11 |    4523 |    5212 |  53.5 |      44 |      45 |  50.6
       D:12 |    4954 |    1622 |  24.7 |      37 |       2 |   5.1
       D:13 |   11480 |   10503 |  47.8 |      44 |      25 |  36.2
       D:14 |    3713 |    2937 |  44.2 |      22 |       4 |  15.4
       D:15 |    7549 |    4280 |  36.2 |      25 |       9 |  26.5
     Lair:1 |    4267 |    2781 |  39.5 |      15 |       9 |  37.5
     Lair:2 |    4132 |       0 |   0.0 |      22 |       0 |   0.0
     Lair:3 |    1214 |    1396 |  53.5 |       6 |       1 |  14.3
     Lair:4 |    5125 |    2306 |  31.0 |      20 |       5 |  20.0
     Lair:5 |    4182 |    6262 |  60.0 |      18 |      20 |  52.6
     Lair:6 |   11808 |    5595 |  32.1 |      43 |      26 |  37.7
   Shoals:1 |     721 |       0 |   0.0 |       2 |       0 |   0.0
   Spider:1 |    1545 |       0 |   0.0 |       6 |       0 |   0.0
      Orc:1 |    5230 |       0 |   0.0 |      64 |       0 |   0.0
      Orc:2 |    2434 |    8941 |  78.6 |      41 |      26 |  38.8
   Depths:1 |    6497 |       0 |   0.0 |      14 |       0 |   0.0
      Sewer |       0 |     195 | 100.0 |       0 |      43 | 100.0
     Bailey |       0 |    2097 | 100.0 |       0 |      26 | 100.0
            +---------+---------+-------+---------+---------+-------
